 Dungeon Crawl Stone Soup version 0.31-a0-455-g1a7b003ef0 (webtiles) character file.

Game seed: 14144343220842489600

3434 bobarctor the Magician (level 9, -3/61 HPs)
             Began as a Demonspawn Necromancer on Aug 3, 2023.
             Was a Believer of Dithmenos.
             Slain by a hornet (10 damage)
             ... on level 8 of the Dungeon.
             The game lasted 00:51:21 (7952 turns).

bobarctor the Magician (Demonspawn Necromancer)     Turns: 7952, Time: 00:51:21

Health: -3/61      AC:  9    Str: 11    XL:     9   Next: 77%
Magic:  4/29       EV: 13    Int: 19    God:    Dithmenos [**....]
Gold:   403        SH:  5    Dex: 16    Spells: 0/23 levels left

rFire   . . .        j - +7 short sword "Zilof" {heavy, Str+3 SInv}
rCold   + . .        (no shield)
rNeg    . . .        K - +2 robe {Will+}
rPois   .            w - +0 helmet
rElec   .            z - +0 cloak
rCorr   .            (no gloves)
SInv    +            (no boots)
Will    +....        k - amulet of reflection
Stlth   +++          d - ring of protection from cold
HPRegen 0.30/turn    Q - ring of magical power
MPRegen 0.21/turn

%: reflection
@: lethally poisoned (-3 -> -5), weakened, slowed, wreathed by umbra, very slow
A: hooves 2, thin metallic scales 2, spiny 1
a: Renounce Religion, Shadow Step


You were on level 8 of the Dungeon.
You worshipped Dithmenos.
Dithmenos was pleased with you.
You visited 2 branches of the dungeon, and saw 9 of its levels.

You collected 403 gold pieces.

Inventory:

Hand Weapons
 c - a +0 spear of flaming
 j - the +7 short sword "Zilof" (weapon) {heavy, Str+3 SInv}
   (You found it on level 2 of the Dungeon)

   Str:       It affects your strength (+3).
   SInv:      It lets you see invisible.
 n - a +4 quarterstaff of chaos
 E - a +4 short sword
 I - a +4 dagger
 L - a +0 flail of venom
Missiles
 e - 22 poisoned darts
 l - 3 boomerangs
 A - 46 stones
Armour
 a - a +0 robe
 o - a +0 cloak
 w - a +0 helmet (worn)
 z - a +0 cloak (worn)
 G - +0 acid dragon scales
 J - a +1 robe of willpower
 K - a +2 robe of willpower (worn)
Magical Staves
 D - a staff of air
Jewellery
 d - a ring of protection from cold (left hand)
 k - an amulet of reflection (around neck)
 q - a ring of resist corrosion
 x - a ring of fire
 Q - a ring of magical power (right hand)
Wands
 u - a wand of roots (20)
 P - a wand of acid (11)
 R - a wand of charming (14)
Scrolls
 f - 2 scrolls of fog {unknown}
 g - a scroll of fear {unknown}
 i - 4 scrolls of identify {unknown}
 m - 4 scrolls of teleportation {unknown}
 t - a scroll of vulnerability {unknown}
 y - a scroll of revelation {unknown}
 B - a scroll of blinking {unknown}
 C - a scroll of amnesia {unknown}
 F - 2 scrolls of immolation {unknown}
 M - a scroll of silence {unknown}
 O - a scroll of noise {unknown}
Potions
 b - a potion of magic
 h - 5 potions of curing {unknown}
 p - a potion of invisibility {unknown}
 r - a potion of degeneration {unknown}
 s - 3 potions of enlightenment {unknown}
 v - a potion of lignification {unknown}
 H - a potion of berserk rage {unknown}
 N - a potion of cancellation {unknown}


   Skills:
 + Level 1.7 Fighting
 * Level 4.6 Short Blades
 + Level 3.3 Dodging
 + Level 3.4 Stealth
 + Level 1.9 Shields
 * Level 7.8 Spellcasting
 * Level 0.8 Conjurations
 + Level 0.1 Hexes
 + Level 7.6 Necromancy
 * Level 1.1 Translocations
 + Level 3.1 Ice Magic
 * Level 5.1 Invocations


You couldn't memorise any spells.
You knew the following spells:

 Your Spells              Type           Power      Damage    Failure   Level
a - Necrotise             Necr           100%       1d9       1%          1
b - Vampiric Draining     Necr           36%        2d8       1%          3
c - Agony                 Necr           36%        N/A       11%         5
d - Animate Dead          Necr           36%        N/A       4%          4
e - Ozocubu's Armour      Ice            19%        N/A       8%          3
f - Tukima's Dance        Hex            7%         N/A       26%         3
g - Iskenderun's Mystic   Conj/Tloc      11%        2d4       52%         4

Your spell library contained the following spells:

 Spells                   Type           Power      Damage    Failure   Level
 Portal Projectile        Hex/Tloc       18%        N/A       22%         3
 Ozocubu's Refrigeration  Ice            9%         4d9       100%        7


Dungeon Overview and Level Annotations

Branches:
Dungeon (8/15)             Temple (1/1) D:4
   Lair: D:8-11

Altars:
Ashenzari
Cheibriados
Dithmenos
Fedhas
Gozag
Hepliaklqana
Kikubaaqudgha
Makhleb
Nemelex Xobeh
Okawaru
Qazlal
Ru
Trog
Uskayaw
Vehumet
Wu Jian
Xom
Yredelemnul

Shops:
D:1 (

Annotations:
D:8 2 transporters, Gastronok; Soraphim's ghost, novice DrHu


Innate Abilities, Weirdness & Mutations

You have hoof-like feet.
You are mostly covered in thin metallic scales. (AC +3)
You are partially covered in sharp spines.


Message History

The gnoll barely misses you.
The gnoll hits you from afar with a +0 halberd.
The hornet stings you!
You are poisoned.
You suddenly lose the ability to move!
You feel very sick.
The hornet stings you but does no damage.
The gnoll hits you from afar with a +0 halberd.
The gnoll bouda gazes fiercely through you!
You feel your attacks grow feeble.
You feel sick. The hornet stings you!
You feel yourself slow down.
The gnoll hits you from afar with a +0 halberd!
* * * LOW HITPOINT WARNING * * *
The hornet is struck by your spines. The hornet stings you!
* * * LOW HITPOINT WARNING * * *
You feel as though you will be slow longer.
The gnoll bouda hits you with a +0 whip.
* * * LOW HITPOINT WARNING * * *
You can move again.
Okay, then.
Casting: Vampiric Draining (safe; 1% risk of failure)
Confirm with . or Enter, or press ? or * to list all spells.
Aiming: Vampiric Draining (safe; 1% risk of failure)
Press: ? - help, Shift-Dir - straight line, f - hornet
Aim: a hornet (lightly wounded, umbra)
You draw life force from the hornet!
You feel life coursing into your body.
You feel sick. The hornet is struck by your spines.
The hornet stings you but does no damage.
You block the gnoll's attack. The hornet stings you.
* * * LOW HITPOINT WARNING * * *
You feel as though you will be slow longer.
The gnoll bouda closely misses you. You block the gnoll's attack.
Casting: Vampiric Draining (safe; 1% risk of failure)
Confirm with . or Enter, or press ? or * to list all spells.
Aiming: Vampiric Draining (safe; 1% risk of failure)
Press: ? - help, Shift-Dir - straight line, f/p - hornet
Aim: a hornet (heavily wounded, ally target, umbra)
You draw life force from the hornet.
You feel life coursing into your body.
You feel sick. The hornet stings you!
You die...

#Z.......###......#...# #.... #.#
##.).....#....#.# ##..##
#)#####......###......###....#
w......Z...........#.......#.####
.).##..#....Z))..>...............
...Z..##.####.................###
.##..###.##....)g.............#..
.#...# ..##.#..y...###..........#
.#.#....#......g@.............###
.......!........######........#
.# #..#........##.........))..#
............ .............###
.......... .....#.....)....
........# .....##..)).....
....... ###......<)).>.. ..##
#####.....)... #.........


You could see a hornet (ally target), a gnoll bouda, a gnoll (swift) and the
friendly Maurice the human zombie.

Vanquished Creatures
  Maurice (D:8)
  A troll (D:5)
  2 acid dragons
  An orc warrior (D:7)
  2 black bears
  3 ogres
  A phantom (D:6)
  A kobold brigand (D:6)
  A bullfrog (D:8)
  A gnoll sergeant (D:6)
  4 scorpions
  9 wights
  4 hounds
  2 gnoll boudas
  3 orc priests (D:8)
  Crazy Yiuf (D:2)
  3 sleepcaps
  Jessica (D:2)
  7 iguanas
  3 orc wizards
  Natasha (D:2)
  Ijyb (D:4)
  13 adders
  23 gnolls
  A white imp (D:6)
  A worm (D:2)
  4 dart slugs
  17 orcs
  3 bats
  3 endoplasms
  3 giant cockroaches
  2 goblins
  4 hobgoblins
  8 jackals
  5 kobolds (D:7)
  4 quokkas
  4 ball pythons
  2 frilled lizards (D:2)
  5 rats
155 creatures vanquished.

Vanquished Creatures (collateral kills)
  5 gnolls (D:4)
  A dart slug (D:4)
  3 orcs (D:4)
9 creatures vanquished.

Vanquished Creatures (others)
  A dancing weapon (D:8)
  A bullfrog zombie (D:8)
  An adder zombie (D:4)
  3 gnoll zombies (D:4)
  A kobold (D:7)
  3 orc zombies (D:8)
10 creatures vanquished.

Grand Total: 174 creatures vanquished

Notes
Turn   | Place    | Note
-------+----------+-------------------------------------------
     0 | D:1      | bobarctor the Demonspawn Necromancer began the quest for
                  | the Orb.
     0 | D:1      | Reached XP level 1. HP: 13/13 MP: 3/3
   358 | D:1      | Gained mutation: You are partially covered in thin metallic
                  | scales. (AC +2) [demonic ancestry]
   358 | D:1      | Reached XP level 2. HP: 19/19 MP: 0/5
   456 | D:1      | Found Rochor's Weapon Shop.
   944 | D:2      | Reached skill level 5 in Necromancy
   944 | D:2      | Gained mutation: You have large cloven feet. [demonic
                  | ancestry]
   944 | D:2      | Reached XP level 3. HP: 24/24 MP: 2/6
  1207 | D:2      | Learned a level 3 spell: Vampiric Draining
  1354 | D:2      | Found a runed translucent door.
  1355 | D:2      | Noticed Crazy Yiuf
  1631 | D:2      | Reached XP level 4. HP: 30/30 MP: 5/8
  1658 | D:2      | Noticed Jessica
  1669 | D:2      | Killed Jessica
  1811 | D:2      | Identified the +7 short sword "Zilof" {heavy, Str+3 SInv}
  1845 | D:2      | Noticed Natasha
  1849 | D:2      | Killed Natasha
  1981 | D:2      | Killed Crazy Yiuf
  1982 | D:2      | Gained mutation: You are partially covered in sharp spines.
                  | [demonic ancestry]
  1982 | D:2      | Reached XP level 5. HP: 11/35 MP: 3/11
  2559 | D:3      | Found a broken altar of Ashenzari.
  3413 | D:4      | Noticed an ogre
  3432 | D:4      | Learned a level 5 spell: Agony
  3437 | D:4      | Learned a level 4 spell: Animate Dead
  3549 | D:4      | Killed an ogre
  3550 | D:4      | Gained mutation: You have hoof-like feet. [demonic
                  | ancestry]
  3550 | D:4      | Reached XP level 6. HP: 25/41 MP: 0/13
  3560 | D:4      | Reached skill level 5 in Spellcasting
  3670 | D:4      | Found a shimmering altar of Xom.
  3945 | D:4      | Noticed Ijyb
  3956 | D:4      | Killed Ijyb
  4085 | D:4      | Found a staircase to the Ecumenical Temple.
  4135 | Temple   | Entered the Ecumenical Temple
  4164 | Temple   | Became a worshipper of Dithmenos the Shadowed
  4455 | D:5      | Entered Level 5 of the Dungeon
  4455 | D:5      | Noticed a troll
  4525 | D:5      | Reached skill level 1 in Invocations
  4525 | D:5      | Reached XP level 7. HP: 46/46 MP: 9/15
  4656 | D:5      | Learned a level 3 spell: Ozocubu's Armour
  4683 | D:5      | Killed a troll
  4996 | D:5      | Found a hazy altar of Hepliaklqana.
  5019 | D:5      | Reached skill level 1 in Ice Magic
  5019 | D:5      | Reached XP level 8. HP: 52/52 MP: 10/17
  5633 | D:6      | Reached skill level 1 in Short Blades
  6036 | D:6      | Reached * piety under Dithmenos
  6072 | D:6      | Found an opulent altar of Gozag.
  6087 | D:6      | Found a stormy altar of Qazlal.
  6765 | D:7      | Reached skill level 1 in Fighting
  6765 | D:7      | Reached skill level 1 in Shields
  6868 | D:7      | Found a bloodstained altar of Trog.
  6884 | D:7      | Gained mutation: You are mostly covered in thin metallic
                  | scales. (AC +3) [demonic ancestry]
  6884 | D:7      | Reached XP level 9. HP: 55/59 MP: 20/20
  7400 | D:7      | Learned a level 3 spell: Tukima's Dance
  7547 | D:7      | Found a burning altar of Makhleb.
  7579 | D:7      | Found a sacrificial altar of Ru.
  7665 | D:7      | Found a snail-covered altar of Cheibriados.
  7827 | D:8      | Reached ** piety under Dithmenos
  7829 | D:8      | Found a transporter.
  7829 | D:8      | Found a transporter.
  7829 | D:8      | Noticed a centaur warrior
  7829 | D:8      | Noticed Soraphim's ghost (novice DrHu)
  7839 | D:8      | Learned a level 4 spell: Iskenderun's Mystic Blast
  7877 | D:8      | Noticed Maurice
  7896 | D:8      | Killed Maurice
  7897 | D:8      | Reached skill level 1 in Translocations
  7897 | D:8      | Reached skill level 5 in Invocations
  7921 | D:8      | Noticed Gastronok
  7948 | D:8      | Paralysed by a hornet for 3 turns
  7952 | D:8      | Slain by a hornet

Illustrated notes

Levels and vault maps discovered:
D:1:      minmay_arrival_widening_spiral_wide, layout_loops_ring, serial_shops,
          nicolae_shop_behind_doors
D:2:      layout_loops_cross, uniq_jessica, uniq_natasha,
          uniq_crazy_yiuf_cottage
D:3:      layout_basic, mainiacjoe_overflow_small_starburst
D:4:      layout_cave_pods, mainiacjoe_overflow_catch_the_wave,
          minmay_temple_entry_wispy, minmay_misc_feat_five,
          kennysheep_pointless_box, uniq_ijyb
D:5:      layout_loops_cross, lemuel_round_altar
D:6:      layout_basic, minitemple, nicolae_twisty_statue_hallways
D:7:      layout_basic, bloody_makhleb, nicolae_ru_awakened_eye,
          mainiacjoe_overflow_alcove_4, trog_butcher_becter, grunt_ministairs_2
D:8:      layout_rooms, lemuel_round_altar, gammafunk_ghost_arena, uniq_maurice,
          uniq_gastronok
Temple:   nicolae_temple_ecumenical_triangle

Skill      XL: |  1  2  3  4  5  6  7  8  9 |
---------------+----------------------------+-----
Necromancy     | 5 6 7 |  7.6
Spellcasting   | 3 4 5 6 7 |  7.8
Stealth        | 2 3 |  3.4
Dodging        | 2 3 |  3.3
Invocations    | 1 2 4 5 |  5.1
Ice Magic      | 1 2 3 |  3.1
Short Blades   | 2 4 |  4.6
Fighting       | 1 |  1.7
Shields        | 1 |  1.9
Translocations | 1 |  1.1
Conjurations   | |  0.8
Hexes          | |  0.1

Action                     |  1- 3 |  4- 6 |  7- 9 || total
---------------------------+-------+-------+-------++-------
  Melee: Dagger            |     8 |       |       ||     8
         Short sword       |       |    44 |   165 ||   209
         Kick              |       |    14 |    47 ||    61
         Punch             |       |     1 |     2 ||     3
   Cast: Necrotise         |    54 |    69 |    44 ||   167
         Vampiric Draining |       |     4 |    14 ||    18
         Animate Dead      |       |     2 |     1 ||     3
         Ozocubu's Armour  |       |       |     5 ||     5
         Agony             |       |       |     1 ||     1
         Tukima's Dance    |       |       |     3 ||     3
   Stab: Sleeping          |     1 |     1 |     3 ||     5
         Distracted        |       |     1 |       ||     1
 Armour: Robe              |     6 |    14 |    43 ||    63
  Dodge: Dodged            |     9 |    24 |   106 ||   139
  Block: Other             |       |    15 |    47 ||    62
         Reflection        |       |       |     1 ||     1

Table legend: (Time is in decaauts)
 A = Elapsed time spent in this place.
 B = Non-inter-level travel time spent in this place.
 C = Inter-level travel time spent in this place.
 D = Time resting spent in this place.
 E = Time spent auto-exploring this place.
 F = Levels seen in this place.
 G = Mean time per level.
                   A        B        C        D        E       F      G
               +--------+--------+--------+--------+--------+-----+--------+
         Total |   8024 |   7616 |    408 |   1157 |   4725 |   9 |  891.6 |
       Dungeon |   7943 |   7535 |    408 |   1157 |   4725 |   8 |  992.9 |
        Temple |     80 |     80 |      0 |      0 |      0 |   1 |   80.0 |
               +--------+--------+--------+--------+--------+-----+--------+

Top non-repeatable levels by time:
     D:2: 1662 daAuts
     D:6: 1347 daAuts
     D:4: 1333 daAuts
     D:7: 1014 daAuts
     D:5: 861 daAuts
     D:1: 801 daAuts
     D:3: 657 daAuts
     D:8: 265 daAuts
  Temple: 80 daAuts
